 Seeded DCSS version 0.30-a0-743-gbfdf073431 (webtiles) character file.

Game seed: 5430720872467839093 (custom seed)

130 hbarley the Chopper (level 5, 46/46 HPs)
             Began as a Hill Orc Fighter on Feb 6, 2023.
             Got out of the dungeon alive.
             The game lasted 00:05:37 (1737 turns).

hbarley the Chopper (Hill Orc Fighter)              Turns: 1737, Time: 00:05:37

Health: 46/46      AC: 15    Str: 23    XL:     5   Next: 14%
Magic:  5/5        EV:  9    Int:  4    God:
Gold:   13         SH:  5    Dex: 19    Spells: 4/4 levels left

rFire   . . .      SeeInvis .    a - +0 war axe
rCold   . . .      Faith    .    c - +0 buckler
rNeg    . . .      Spirit   .    b - +1 scale mail
rPois   .          Reflect  .    s - +3 hat of the Endless Expanse {Int-4 Dex+4}
rElec   .          Harm     .    (no cloak)
rCorr   .          Rampage  .    (no gloves)
Will    .....                    (no boots)
Stlth   +                        (no amulet)
HPRegen 0.27/turn                t - ring of Kyesas {Fly Str+2 Dex+2}
MPRegen 0.09/turn                o - ring "Seorenua" {AC+4 Dex+3 Stlth+}

@: flying, studying Armour
A: no striking features
a: no special abilities


You escaped.
You visited 1 branch of the dungeon, and saw 2 of its levels.

You collected 69 gold pieces.
You spent 56 gold pieces at shops.

Inventory:

Hand Weapons
 a - a +0 war axe (weapon)
Armour
 b - a +1 scale mail (worn)
 c - a +0 buckler (worn)
 s - the +3 hat of the Endless Expanse (worn) {Int-4 Dex+4}
   (You acquired it on level 2 of the Dungeon)

   Int:       It affects your intelligence (-4).
   Dex:       It affects your dexterity (+4).
Jewellery
 m - a +6 ring of strength
 o - the ring "Seorenua" (right hand) {AC+4 Dex+3 Stlth+}
   (You acquired it on level 2 of the Dungeon)

   [ring of protection]

   AC:        It affects your AC (+4).
   Dex:       It affects your dexterity (+3).
   Stlth:     It makes you more stealthy.
 r - a ring of protection from cold
 t - the ring of Kyesas (left hand) {Fly Str+2 Dex+2}
   (You acquired it on level 2 of the Dungeon)

   [ring of flight]

   Str:       It affects your strength (+2).
   Dex:       It affects your dexterity (+2).
   Fly:       It grants you flight.
Scrolls
 f - a scroll of teleportation {unknown}
 h - 3 scrolls of amnesia {unknown}
 j - a scroll of noise {unknown}
 k - 3 scrolls of identify
 l - a scroll of torment {unknown}
 n - a scroll of brand weapon {unknown}
 p - a scroll of fog {unknown}
 q - a scroll of immolation {unknown}
Potions
 d - a potion of might
 e - a potion of mutation {unknown}
 g - a potion of attraction {unknown}
 i - 2 potions of curing {unknown}


   Skills:
 + Level 4.1 Fighting
 + Level 4.8 Axes
 + Level 4.2 Armour
 + Level 0.6 Dodging
 + Level 3.7 Shields


You had 4 spell levels left.
You didn't know any spells.
Your spell library was empty.

Dungeon Overview and Level Annotations

Branches:
Dungeon (2/15)

Altars:

Shops:
D:2 ?


Message History

Found Doddoiw's Magic Scroll Shoppe.
There is an entrance to Doddoiw's Magic Scroll Shoppe here.
k - 2 scrolls of identify (gained 1);
k - 3 scrolls of identify (gained 1) Thank you for shopping at Doddoiw's Magic Scroll Shoppe!
There is an entrance to Doddoiw's Magic Scroll Shoppe here.
Done exploring.
Done exploring.
This is a scroll of acquirement!
You see here a manual of Armour.
Something appears at your feet!
You pick up a manual of Armour and begin studying.
As you read the scroll labelled YMAALE IKAA, it crumbles to dust.
It is a scroll of enchant armour.
Your +0 scale mail glows green for a moment.
Something appears at your feet!
o - the ring "Seorenua" {AC+4 Dex+3 Stlth+} You feel agile.
o - the ring "Seorenua" (right hand) {AC+4 Dex+3 Stlth+} Something appears at your feet!
t - the ring of Kyesas {Fly Str+2 Dex+2} You remove your +6 ring of strength.
You feel weaker.
You fly up into the air.
You feel stronger.
You feel agile.
t - the ring of Kyesas (left hand) {Fly Str+2 Dex+2} Something appears at your feet!
s - the +3 hat of the Endless Expanse {Int-4 Dex+4} You start putting on your armour.
You continue putting on the +3 hat of the Endless Expanse {Int-4 Dex+4}. x4
You finish putting on the +3 hat of the Endless Expanse {Int-4 Dex+4}.
You feel stupid.
You feel agile.
There is a stone staircase leading up here.
You fly upwards.
There is a stone staircase leading down here.
You see here a +0 short sword.
There is a staircase leading out of the dungeon here.
Are you sure you want to leave the Dungeon?
This will make you lose the game!
Uppercase [Y]es or [N]o only, please.
Are you sure you want to leave the Dungeon?
This will make you lose the game!
You have escaped!

.......##..####..# #..#.#
.......##........# #....#
.......##..#####.####..###
#########..# #....##..#
#..# #....##..# ###
#..####........# ####.#
#..............# .....#
#..........##..# #.#..#
#..####.@..##..# #.#..#
#..# #....##..# #.#..#
#..# #....##..#
#.#..####..# ###.###..#
..#....##..# #.# #..#
..#.##.##..######.###..#
.....#.##.)............#
..####.##..............#
### #.##..............#


There were no monsters in sight!

Vanquished Creatures
  A necrophage (D:2)
  3 gnolls (D:2)
  An adder (D:2)
  3 bats
  5 endoplasms
  2 hobgoblins
  4 jackals (D:1)
  5 kobolds
  2 quokkas (D:1)
  2 ball pythons (D:1)
  A frilled lizard (D:2)
  4 goblins
  A rat (D:1)
34 creatures vanquished.

Notes
Turn   | Place    | Note
-------+----------+-------------------------------------------
     0 | D:1      | hbarley the Hill Orc Fighter began the quest for the Orb.
     0 | D:1      | Reached XP level 1. HP: 19/19 MP: 1/1
    60 | D:1      | Reached XP level 2. HP: 26/27 MP: 2/2
   877 | D:1      | Reached XP level 3. HP: 33/33 MP: 3/3
  1253 | D:2      | Noticed a necrophage
  1257 | D:2      | Killed a necrophage
  1258 | D:2      | Reached XP level 4. HP: 40/40 MP: 4/4
  1375 | D:2      | Reached XP level 5. HP: 43/46 MP: 5/5
  1550 | D:2      | Found Doddoiw's Magic Scroll Shoppe.
  1558 | D:2      | Bought a scroll of identify for 28 gold pieces
  1558 | D:2      | Bought a scroll of identify for 28 gold pieces
  1597 | D:2      | Identified 4 scrolls of acquirement
  1597 | D:2      | Acquired a manual of Armour
  1600 | D:2      | Acquired the ring "Seorenua" {AC+4 Dex+3 Stlth+}
  1603 | D:2      | Acquired the ring of Kyesas {Fly Str+2 Dex+2}
  1607 | D:2      | Acquired the +3 hat of the Endless Expanse {Int-4 Dex+4}
  1737 | D:$      | Got out of the dungeon alive.

Illustrated notes

Levels and vault maps discovered:
D:1:      dpeg_arrival_boxes_within_box, layout_basic
D:2:      layout_loops_ring, serial_shops, shop, nicolae_kite_square_tiling_tiny

Skill      XL: |  1  2  3 |
---------------+----------+-----
Axes           | 3 4 |  4.8
Fighting       | 4 |  4.1
Armour         | 4 |  4.2
Dodging        | |  0.6
Shields        | |  3.7

Action                     |  1- 3 |  4- 6 || total
---------------------------+-------+-------++-------
  Melee: War axe           |    85 |    11 ||    96
    Use: Scroll            |       |     5 ||     5
 Armour: Scale mail        |    53 |     3 ||    56
  Dodge: Dodged            |    49 |     3 ||    52
  Block: Buckler           |    30 |     1 ||    31

Table legend: (Time is in decaauts)
 A = Elapsed time spent in this place.
 B = Non-inter-level travel time spent in this place.
 C = Inter-level travel time spent in this place.
 D = Time resting spent in this place.
 E = Time spent auto-exploring this place.
 F = Levels seen in this place.
 G = Mean time per level.
                   A        B        C        D        E       F      G
               +--------+--------+--------+--------+--------+-----+--------+
         Total |   1772 |   1556 |    216 |      0 |   1281 |   2 |  886.0 |
       Dungeon |   1772 |   1556 |    216 |      0 |   1281 |   2 |  886.0 |
               +--------+--------+--------+--------+--------+-----+--------+

Top non-repeatable levels by time:
     D:1: 1149 daAuts
     D:2: 623 daAuts
